Cogmind - Beta 13 *** ADVENTURER MODE // 2024.03.15 @ 01:19:17 Player: Taocayo Result: Destroyed by Y-45 Defender with Heavy Assault Rifle Performance ------------- Evolutions (2) 1000 Regions Visited (3) 600 Robots Destroyed (41) 205 Value Destroyed (1048) 1048 Prototype IDs (0) 0 Alien Tech Used (0) 0 Bonus (22) 22 TOTAL SCORE: 2875 Bonus ------- High Alert Combat Kills 22 Cogmind --------- Core Integrity 0/550 Matter 253/300 Energy 100/100 System Corruption 0% Temperature Cool (9) Movement Core (50) Location -8/Materials Parts ------- > --- POWER (1) -------- (None) > --- PROPULSION (3) --- (None) > --- UTILITY (4) ------ Signal Interpreter > --- WEAPON (3) ------- Mining Claw > --- INVENTORY (5) ---- Light Nuclear Core Armored Huge Wheel Armored Huge Wheel Peak State ------------ > --- POWER ------------ Nuclear Core > --- PROPULSION ------- Wheel Armored Huge Wheel > --- UTILITY ---------- Small Storage Unit Signal Interpreter Improved Terrain Scanner ECM Suite > --- WEAPON ----------- Medium Laser Gauss Rifle Mining Claw > --- INVENTORY -------- Armored Huge Wheel Armored Huge Wheel Gauss Rifle [Rating: 26] Favorites ----------- Power Ion Engine Engine Ion Engine Power Core Nuclear Core Propulsion Aluminum Leg Leg Aluminum Leg Wheel Wheel Utility Small Storage Unit Device Sensor Array Storage Small Storage Unit Processor Signal Interpreter Weapon Medium Laser Energy Gun Medium Laser Ballistic Gun Assault Rifle Launcher Grenade Launcher Slashing Weapon Mining Claw Special Melee Weapon Datajack Build | -11 -10 -9 -8 ------- Run | Yrd Mat Mat Mat Slots Evolved 4 | . . 2 2 Power . | . . . . Propulsion 1 | . . . 1 Utility 2 | . . 1 1 Weapon 1 | . . 1 . Parts Attached 37 | 6 12 10 9 Power 3 | 1 1 . 1 Engine 2 | 1 1 . . Core 1 | . . . 1 Reactor . | . . . . Propulsion 8 | 2 1 3 2 Treads . | . . . . Leg 3 | 2 1 . . Wheel 5 | . . 3 2 Hover . | . . . . Flight . | . . . . Utility 5 | 1 1 1 2 Device 3 | . 1 . 2 Storage 1 | 1 . . . Processor 1 | . . 1 . Hackware . | . . . . Protection . | . . . . Artifact . | . . . . Weapon 21 | 2 9 6 4 Energy Gun 5 | 1 2 2 . Energy Cannon . | . . . . Ballistic Gun 10 | 1 3 3 3 Ballistic Cannon . | . . . . Launcher 3 | . 2 1 . Special Weapon . | . . . . Impact Weapon . | . . . . Slashing Weapon 1 | . . . 1 Piercing Weapon . | . . . . Special Melee Weapon 2 | . 2 . . Unidentified Prototypes . | . . . . Parts Lost 18 | . . 9 9 Power 2 | . . 1 1 Propulsion 5 | . . 3 2 Utility 4 | . . 1 3 Weapon 7 | . . 4 3 Highest Loss Streak 9 | . . 8 9 To Critical Strikes . | . . . . Average Slot Usage (%) 82 | . 94 75 63 Engine 8 | . 14 7 . Leg 17 | . 28 14 . Wheel 4 | . . 5 10 Device 9 | . 9 7 12 Storage 11 | . 14 11 7 Processor 3 | . . 2 9 Energy Gun 11 | . 14 11 5 Ballistic Gun 7 | . 7 9 6 Launcher 3 | . 3 6 . Slashing Weapon 2 | . . . 8 Special Melee Weapon 1 | . 2 . . Naked Turns . | . . . . Heaviest Build 23 | 14 16 19 23 Greatest Support 38 | 20 20 20 38 Greatest Overweight (x) 4 | 1 . 4 2 Average Overweight (x) . | . . . . Largest Inventory Capacity 8 | 8 8 8 8 Average Capacity 7 | 7 8 8 7 Most Carried 8 | 4 8 7 8 Average Carried 5 | 2 5 5 4 Final Capacity 8 | 8 8 8 5 Final Carried 6 | 2 6 3 5 Class Distribution -------------------- 82% | Mutant 12% | Skirmisher 4% | Gunner Dominant Class ---------------- Mutant | -10/Materials Skirmisher | -9/Materials Mutant | -8/Materials Resources | -11 -10 -9 -8 ----------- Run | Yrd Mat Mat Mat Matter Collected 805 | 160 260 162 223 Remotely . | . . . . Salvage Created 1080 | . 241 345 494 Parts 80 | . 22 31 27 Haulers Intercepted . | . . . . Recyclers Shooed 1 | . . . 1 Parts Field Recycled . | . . . . Retrieved Matter . | . . . . Parts Self-Destructed . | . . . . Prevented . | . . . . Kills | -11 -10 -9 -8 ------- Run | Yrd Mat Mat Mat Combat Hostiles Destroyed 31 | . 9 11 11 Melee 2 | . . . 2 Guns 18 | . 5 4 9 AOE 11 | . 4 7 . Classes Destroyed 8 | . 3 4 1 Worker 2 | . . 2 . Builder 4 | . . 4 . Recycler 1 | . . 1 . Watcher 3 | . 2 1 . Swarmer 11 | . 6 3 2 Grunt 17 | . 3 6 8 Duelist 1 | . . . 1 Sentry 2 | . . 2 . Best Kill Streak 19 | . 4 19 8 Combat Bots Only 11 | . 4 11 8 Max Kills in Single Turn 3 | . 3 3 2 Gunslinging 1 | . . . 1 Exploded 3 | . 3 2 . Melee 1 | . . . 1 Uniques/NPCs Destroyed . | . . . . Combat | -11 -10 -9 -8 -------- Run | Yrd Mat Mat Mat Hostile Shots Fired 349 | . 63 111 175 Missed 92 | . 14 33 45 Damage Taken 2728 | . 330 980 1418 Core 1006 | . 58 390 558 Absorbed by Shields . | . . . . Ignored by Resistances 806 | . 111 283 412 Core Remaining (%) 59 | 100 76 2 . Volleys Fired 71 | . 32 19 20 Largest 3 | . 2 3 2 Hottest 120 | . 90 120 78 Shots Fired 142 | . 64 53 25 Gun 126 | . 62 39 25 Cannon . | . . . . Launcher 16 | . 2 14 . Special . | . . . . Kinetic 57 | . 21 12 24 Thermal 33 | . 15 17 1 Explosive 16 | . 2 14 . Electromagnetic 36 | . 26 10 . Robot Hit Streak 23 | . 13 23 9 Robot Miss Streak 3 | . 2 1 3 Penetration Max 1 | . . . 1 Secondary Targets 3 | . . 1 2 Max Gunslinging Chain 1 | . . 1 1 Shots Hit Robots 117 | . 49 36 32 Core Hits 73 | . 15 38 20 Critical Kills . | . . . . Critical Parts Destroyed 1 | . 1 . . Critical Strikes 7 | . 2 5 . Burn 6 | . 1 5 . Destroy 1 | . 1 . . Melee Attacks 26 | . 4 . 22 Impact . | . . . . Slashing 22 | . . . 22 Piercing . | . . . . Sneak Attacks 3 | . 3 . . Combat Hostiles . | . . . . Follow-up Attacks . | . . . . Damage Inflicted 2998 | . 746 1365 887 Guns 1498 | . 536 357 605 Cannons . | . . . . Explosions 1218 | . 210 1008 . Melee 282 | . . . 282 Ramming . | . . . . Kinetic 898 | . 203 103 592 Thermal 338 | . 121 204 13 Explosive 1167 | . 210 957 . Electromagnetic 313 | . 212 101 . Impact . | . . . . Slashing 282 | . . . 282 Piercing . | . . . . Highest Corruption 1 | . 1 . . Average Corruption 1 | . 1 . . Corruption Purged . | . . . . Corruption Blocked . | . . . . Effects 2 | . 2 . . Message Errors 1 | . 1 . . Matter Fused 1 | . 1 . . Overload Shots . | . . . . Overflow Damage 65 | . 32 14 19 Projectiles . | . . . . Explosions 46 | . 32 14 . Melee 19 | . . . 19 Knockbacks . | . . . . Impact . | . . . . Kinetic . | . . . . Secondary . | . . . . Self-Inflicted Damage 127 | . . 127 . Shots 7 | . . 7 . Rammed . | . . . . Targets Rammed . | . . . . Kicked . | . . . . Crushed . | . . . . Highest Temperature 468 | . 314 468 39 Average Temperature 131 | . 134 162 10 Received Heat Transfer 1437 | . 87 486 864 Effects 2 | . . 2 . Shutdowns 2 | . . 2 . Siege Activations . | . . . . Robots Corrupted . | . . . . Combat Hostiles . | . . . . Parts Fried . | . . . . Impact Corruptions . | . . . . Robots Melted . | . . . . Combat Hostiles . | . . . . Parts Melted . | . . . . Heat Transferred 1395 | . 444 914 37 Parts Sabotaged . | . . . . Parts Stolen . | . . . . Parts Stripped . | . . . . Power Chain Reactions 1 | . . 1 . Alert | -11 -10 -9 -8 ------- Run | Yrd Mat Mat Mat Peak Influence 452 | . 258 452 370 Initial 162 | . . 51 162 Average 159 | . 118 217 214 Maximum Alert Level 2 | . 1 2 1 Low Security (%) 67 | 100 73 53 63 Level 1 26 | . 26 21 36 Level 2 6 | . . 24 . Level 3 . | . . . . Level 4 . | . . . . Level 5 . | . . . . High Security . | . . . . Max Security . | . . . . Squads Dispatched 5 | . 1 1 3 Investigation 2 | . 1 . 1 Extermination . | . . . . Reinforcement 2 | . . 1 1 Assault . | . . . . Garrison 1 | . . . 1 Intercept . | . . . . Searches Triggered . | . . . . Construction Impeded 1 | . . 1 . Haulers Reinforced . | . . . . Active Scanning Responses . | . . . . Cargo Convoy Interrupts . | . . . . Stealth | -11 -10 -9 -8 --------- Run | Yrd Mat Mat Mat Distress Signals 4 | . 1 2 1 Communications Jammed . | . . . . Distress Signals . | . . . . Times Spotted 60 | . 17 24 19 Peak Tracking Total 11 | . 6 9 11 Tactical Retreats 6 | . 1 2 3 Traps | -11 -10 -9 -8 ------- Run | Yrd Mat Mat Mat Traps Triggered 5 | . 3 1 1 Indirectly . | . . . . Trap Hack Attempts . | . . . . Triggered . | . . . . Disarmed . | . . . . Reprogrammed 3 | . 3 . . Reused . | . . . . Traps Extracted . | . . . . Installed . | . . . . Triggered . | . . . . Machines | -11 -10 -9 -8 ---------- Run | Yrd Mat Mat Mat Machines Disabled 3 | . 2 1 . Max in Single Turn 1 | . 1 1 . Machines Repaired . | . . . . Machines Dismantled . | . . . . Machines Sabotaged . | . . . . Overloaded Fab Kills . | . . . . Hacking | -11 -10 -9 -8 --------- Run | Yrd Mat Mat Mat Machines Accessed 4 | . 3 . 1 Terminals 3 | . 2 . 1 Fabricators . | . . . . Repair Stations . | . . . . Recycling Units 1 | . 1 . . Scanalyzers . | . . . . Garrison Access . | . . . . Total Hacks 10 | . 8 . 2 Successful 8 | . 7 . 1 Failed 2 | . 1 . 1 Catastrophic . | . . . . Database Lockouts . | . . . . Manual . | . . . . Terminals 8 | . 6 . 2 Fabricators . | . . . . Repair Stations . | . . . . Recycling Units 2 | . 2 . . Scanalyzers . | . . . . Garrison Access . | . . . . Terminal Hacks 6 | . 5 . 1 Record 4 | . 3 . 1 Locate Traps 1 | . 1 . . Reprogram Traps 1 | . 1 . . Fabricator Hacks . | . . . . Repair Station Hacks . | . . . . Recycling Unit Hacks 2 | . 2 . . Recycle Component 1 | . 1 . . Report Inventory 1 | . 1 . . Scanalyzer . | . . . . Garrison Access Hacks . | . . . . Unauthorized Hacks . | . . . . Terminals . | . . . . Fabricators . | . . . . Repair Stations . | . . . . Recycling Units . | . . . . Scanalyzers . | . . . . Garrison Access . | . . . . Data Cores Recovered . | . . . . Used . | . . . . Hacking Detections 4 | . 3 . 1 Full Trace Events 1 | . 1 . . Feedback Events . | . . . . Feedback Blocked . | . . . . Robot Schematics Acquired . | . . . . Robots Built . | . . . . Authchips . | . . . . Time . | . . . . Total Robot Build Rating . | . . . . Part Schematics Acquired . | . . . . Parts Built . | . . . . Authchips . | . . . . Time . | . . . . Total Part Build Rating . | . . . . Parts Repaired . | . . . . Time . | . . . . Parts Recycled 1 | . 1 . . Recycled Matter . | . . . . Retrieved Matter . | . . . . Retrieved Components . | . . . . Parts Scanalyzed . | . . . . Part Schematics Acquired . | . . . . Parts Damaged . | . . . . Bothacking | -11 -10 -9 -8 ------------ Run | Yrd Mat Mat Mat Used RIF Installer . | . . . . Robots Hacked 3 | . 3 . . Non-combat 2 | . 2 . . Combat 1 | . 1 . . Robot Hacks Applied 4 | . 4 . . parse_system 3 | . 3 . . no_distress 1 | . 1 . . Relay Couplers Released . | . . . . Fabnet Peak Effective % . | . . . . Robots Rewired . | . . . . Allies Hacked . | . . . . Hacks Repelled . | . . . . Allies | -11 -10 -9 -8 -------- Run | Yrd Mat Mat Mat Total Allies . | . . . . Largest Group . | . . . . Highest-Rated Group . | . . . . Highest-Rated Ally . | . . . . Total Orders . | . . . . Ally Attacks . | . . . . Total Damage . | . . . . Kills . | . . . . Allies Corrupted . | . . . . Allies Melted . | . . . . Intel | -11 -10 -9 -8 ------- Run | Yrd Mat Mat Mat Robot Analysis Total . | . . . . Derelict Logs Recovered . | . . . . Drone Launches . | . . . . Drone Recoveries . | . . . . Exploration | -11 -10 -9 -8 ------------- Run | Yrd Mat Mat Mat Turns Passed 1250 | 64 581 308 297 Spaces Moved 807 | 46 359 226 176 Core 24 | 8 . 11 5 Treads . | . . . . Legs 519 | 38 359 122 . Wheels 264 | . . 93 171 Hover . | . . . . Flight . | . . . . Fastest Speed 50 | 50 120 80 80 Average Speed 109 | 110 120 104 93 Slowest Speed 250 | 120 120 250 150 Overloaded Moves . | . . . . Propulsion Burnouts . | . . . . Robots Hopped . | . . . . Cave-ins Triggered . | . . . . Exploration Rate (%) 26 | 3 54 35 15 Regions Visited 3 Branch Regions . Pre-discovered Areas . | . . . . Known Exits Taken 1 | . . 1 . Unknown Exits Taken 2 | 1 1 . . Scrap Searched . | . . . . Spaces Dug 16 | . . 9 7 Terrain Destroyed 93 | . 21 65 7 Melee 7 | . . . 7 Projectile . | . . . . AOE 86 | . 21 65 . Terrain Rammed . | . . . . Walls Destroyed . | . . . . Machines Disabled . | . . . . Actions | -11 -10 -9 -8 --------- Run | Yrd Mat Mat Mat Total 1010 | 59 448 260 243 Wait 22 | . 22 . . Move 804 | 45 358 225 176 Hop . | . . . . Pick Up 32 | 8 9 5 10 Fast Attach . | . . . . Attach 36 | 6 12 9 9 Detach 10 | . 8 1 1 Swap 1 | . . 1 . Drop 8 | . 3 . 5 Fire 71 | . 32 19 20 Melee 26 | . 4 . 22 Ram . | . . . . Kick . | . . . . Crush . | . . . . Escape Stasis . | . . . . Rewire . | . . . . Trap . | . . . . Miscellaneous . | . . . . Route ------- -11/Scrapyard -10/Materials (discovered 2 exits: [*Mat] / [*Min]) -9/Materials -8/Materials History --------- Turn | Location | Event 8 | -11/Scrapyard | Discovered new exit (range 16) 65 | -11/Scrapyard | Entered Materials 303 | -10/Materials | Build established: Mutant 443 | -10/Materials | Discovered new exit (range 10) 554 | -10/Materials | Discovered new exit (range 16) 646 | -10/Materials | Entered another Materials area 646 | -9/Materials | Evolved 2 slots: Utility x1, Weapon x1 856 | -9/Materials | Core integrity fell below 50% 862 | -9/Materials | Core integrity fell below 20% 871 | -9/Materials | Destroyed 11 combat bots 898 | -9/Materials | Lost 8 parts (1p3n1u3w) 951 | -9/Materials | Discovered new exit (range 5) 953 | -9/Materials | Identified exit to Materials 954 | -9/Materials | Entered another Materials area 954 | -8/Materials | Evolved 2 slots: Propulsion x1, Utility x1 1157 | -8/Materials | Garrison activated, responded to threat 1196 | -8/Materials | Core integrity fell below 50% 1219 | -8/Materials | Destroyed 8 combat bots 1229 | -8/Materials | Core integrity fell below 20% 1251 | -8/Materials | Destroyed by Y-45 Defender with Heavy Assault Rifle Last Messages --------------- 01229_ K-01 Serf collects debris. 01230_ R-06 Scavenger collects Particle Gun. 01230_ G-47 Trooper destroyed. 01232_ K-01 Serf collects debris. 01233_ R-06 Scavenger collects Particle Gun. 01233_ Acquired 57 matter. 01235_ ECM Suite destroyed. 01235_ Acquired Lgt. Nuclear Core. 01236_ G-47 Trooper Particle Gun ripped off. 01237_ R-06 Scavenger inserts Aluminum Leg into recycling unit. 01240_ R-06 Scavenger inserts Particle Gun into recycling unit. 01242_ Critical hit (Burn: +37). 01243_ R-06 Scavenger inserts Particle Gun into recycling unit. 01244_ Recycling unit begins recycling process. 01246_ R-06 Scavenger inserts Particle Gun into recycling unit. 01249_ R-06 Scavenger collects Imp. Heat Sink. Map ----- +----------------------------------------------------+ | ?????????????????????????????????????????????????? | | ?????????????????????????????????????????????????? | | ?????????????????????????????????????????????????? | | ?????????????????????????????????????????????????? | | ?????????????????????????????????????????????????? | | ?????????????????????????????????????????????????? | | ?????????????????????????????????????????????????? | | ????????????????????????????????##+##????????????? | | ????????????????????????????????# ????????????? | | ????????????????????????????????# ????????????? | | ???????????????????????????????? #????????????? | | ????????????????????????????????# #????????????? | | ??????????????????????????????#?# #????????????? | | ??????????????????????????????? # #????????????? | | ??????????????????????????????? # #????????????? | | ????????????????????????????????/ +????????????? | | ????????????????????????????????# #????????????? | | ????????????????????????????????# #????????????? | | ???????????????????????????#+#??# #????????????? | | ??????????????????########## #??# #????????????? | | ??????????????????# ## #??# ###########??? | | ??????????????????# " ## #??# ## #??? | | ??????????????????#""" ## #?## ## #??? | | ??????????????????#""" [##=### # #??? | | ??????????????????#""" [ #Y%%= u# #??? | | ??????????????????# "" =@Y=!=%*[%g + #??? | | ??????????????????#""" #k!!= # #??? | | ??????????????????#"" r""###### # #??? | | ??????????????????#"" Y"#????## ## % #??? | | ??????????????????# " ""#?????# ## ! #??? | | ??????????????????# #?????# #######+###??? | | ??????????????????#########?????# #?????# #????? | | ????????????????????????????????# #?????# #????? | | ???????????????????????????????? #?????# ###### | | ???????????????????????????????? #?????# "" | | ???????????????????????????????? #?????# ## T | | ????????????????????????????????#####?????+ ## | | ??????????????????????????????????????????# ## """ | | ??????????????????????????????? ########### ## """ | | ??????????????????????????????? # """ | | ??????????????????????????????? / | | ??????????????????????????????? = "" # """ | | ????????????????????????????????????# G" # """ | | ????????????????????????????????????# "" # """ | | ?????????????????????????????????#### + | | ?????????????????????????????????#""" # | | ????????????????????????#????????#"R """ #"### | | ??????????????????????????????????""" """ !# | | ???????????????????????????????????## """ # """ | | ????????????????????????????????????# # """ | +----------------------------------------------------+ Best States ------------- Heat Dissipation 31 Energy Generation 14 Energy Capacity 250 Matter Stores 300 Matter Capacity 300 Sight Range 16 Robot Scan Range 14 Terrain Scan Range 16 Terrain Scan Density 10 ECM Strength 1 Resistance: KI 20 Resistance: TH 20 Resistance: EX 20 Resistance: EM 20 Resistance: I 20 Resistance: S 20 Resistance: P 20 Evasion (%) 55 Offensive Hacking 10 Item Schematics ----------------- None Robot Schematics ------------------ None Fabricated ------------ Nothing Alien Tech Used ----------------- None Achievements -------------- Part-time Excavator Challenges ------------ None Game ------ Seed BlastPrecisionLauncher Manual? 0 Play Time 01:00:47 Cumulative 18.8 hours Start 2024.03.03 @ 11:07:08 End 2024.03.15 @ 01:19:17 Sessions 7 Manual Loads 0 Difficulty Adventurer Special Mode None Game No. 16 Rogue 0 Adventurer 14 Explorer 2 Win Type - Total 0 Types 0/0/0/0/0/0/0/0/0 Lore% 4 Gallery% 16 Achievement% 19 Wizard Run 0 Options --------- Layout 2 ASCII 0 Keyboard 0 Movement Mouse Keybinds 0 Fullscreen 1 Font 16/Tamsyn Map View 25x24 Zoom Use 79% Tactical HUD 1 Map Filters NONE Filters NONE Steam 1 RUN: f6a5370f-9500-4e83-b2ac-f3b13c2467b7